 Dungeon Crawl Stone Soup version 0.29.1-12-g30fa7ad0bf (webtiles) character file.

Game seed: 13497709699487442923

13 wormed the Covert (level 2, 0/29 HPs)
             Began as a Gnoll Delver on Dec 21, 2022.
             Slain by an orc
             ... wielding a +1 war axe of holy wrath
              (2 damage)
             ... on level 4 of the Dungeon.
             The game lasted 00:03:46 (538 turns).

wormed the Covert (Gnoll Delver)                     Turns: 538, Time: 00:03:46

Health: 0/29       AC:  3    Str: 11    XL:     2   Next: 37%
Magic:  2/2        EV: 13    Int:  9    God:
Gold:   0          SH:  0    Dex: 13    Spells: 1/1 levels left

rFire   . . .      SeeInvis .   a - +0 short sword
rCold   . . .      Faith    .   (no shield)
rNeg    . . .      Spirit   .   b - +0 leather armour
rPois   .          Reflect  .   (no helmet)
rElec   .          Harm     .   (no cloak)
rCorr   .          Rampage  .   (no gloves)
Will    .....                   (no boots)
Stlth   ++++......              (no amulet)
HPRegen 0.09/turn               (no ring)
MPRegen 0.08/turn               (no ring)

@: hasted, very quick
A: fangs 1, strong nose, distributed training
a: no special abilities


You were on level 4 of the Dungeon.
You visited 2 branches of the dungeon, and saw 3 of its levels.

Inventory:

Hand Weapons
 a - a +0 short sword (weapon)
Armour
 b - a +0 leather armour (worn)
Jewellery
 h - a +6 ring of intelligence
Wands
 g - a wand of digging (3)
Scrolls
 d - 2 scrolls of noise {unknown}


   Skills:
 + Level 6.5 Fighting
 + Level 4.5 Short Blades
 + Level 0.4 Long Blades
 + Level 0.4 Axes
 + Level 0.4 Maces & Flails
 + Level 0.4 Polearms
 + Level 0.4 Staves
 + Level 0.4 Ranged Weapons
 + Level 0.4 Throwing
 + Level 0.4 Armour
 + Level 4.5 Dodging
 + Level 9.5 Stealth
 + Level 0.4 Shields
 + Level 0.4 Unarmed Combat
 + Level 0.4 Spellcasting
 + Level 0.2 Conjurations
 + Level 0.2 Hexes
 + Level 0.2 Summonings
 + Level 0.2 Necromancy
 + Level 0.2 Translocations
 + Level 0.2 Transmutations
 + Level 0.2 Fire Magic
 + Level 0.2 Ice Magic
 + Level 0.2 Air Magic
 + Level 0.2 Earth Magic
 + Level 0.2 Poison Magic
 + Level 0.5 Invocations
 + Level 0.4 Evocations


You had one spell level left.
You didn't know any spells.
Your spell library was empty.

Dungeon Overview and Level Annotations

Branches:
Dungeon (5/15)             Temple (1/1) D:4

Altars:
Ashenzari
Cheibriados
Elyvilon
Fedhas
Gozag
Hepliaklqana
Kikubaaqudgha
Makhleb
Nemelex Xobeh
Qazlal
Ru
Sif Muna
Trog
Uskayaw
Wu Jian
Xom
Yredelemnul
Zin


Innate Abilities, Weirdness & Mutations

You have very sharp teeth.
Your uncanny sense of smell can sniff out nearby items.
Your experience applies equally to all skills.


Message History

You close the door.
An orc opens the door.
It is wielding a +0 club.
You open the door.
There is an open door here.
The orc shouts!
You hear a shout! x2; You hear a bark!
You close the door.
An orc breaks down the door.
The orc throws a stone.
The stone hits you.
The orc throws a stone.
The stone closely misses you.
The orc shouts!
The orc throws a stone.
The stone barely misses you.
The orc throws a stone.
The stone hits you.
As you read the scroll of fog, it crumbles to dust.
The scroll dissolves into smoke.
The orc hits you but does no damage.
The orc hits you with a +1 war axe of holy wrath.
You hit the orc.
The orc is heavily wounded.
The orc hits you with a +1 war axe of holy wrath.
The orc barely misses you.
You hit the orc.
You kill the orc!
The orc barely misses you.
You hit the orc but do no damage. Your bite misses the orc.
The orc barely misses you.
You hit the orc but do no damage. The hound closely misses you.
The orc barely misses you. The hound bites you.
You closely miss the orc. The hound barely misses you.
The orc barely misses you.
You closely miss the orc. The hound bites you. The orc completely misses you.
You hit the orc but do no damage. The hound closely misses you.
The hound barely misses you.
The orc hits you with a +1 war axe of holy wrath!
* * * LOW HITPOINT WARNING * * *
You feel yourself speed up. The hound bites you.
* * * LOW HITPOINT WARNING * * *
The orc barely misses you. The hound misses you. The orc closely misses you.
The hound closely misses you.
The orc hits you with a +1 war axe of holy wrath.
You die...

######
################....#
#....§§@§.'....#....#
#.....ho.§#....'.>..#
#.....§§§§#....#....#
#...§§§§.§#....#....#
##..#####'####+#....#
#### . .o.### ..
....'∆ ∆ .. ....#.
.....#.


You could see a hound and an orc.

Vanquished Creatures
  An adder (D:4)
  2 orcs
3 creatures vanquished.

Notes
Turn   | Place    | Note
-------+----------+-------------------------------------------
     0 | D:5      | Reached skill level 9 in Stealth
     0 | D:5      | wormed the Gnoll Delver began the quest for the Orb.
     0 | D:5      | Reached XP level 1. HP: 23/23 MP: 1/1
    44 | D:4      | Found a staircase to the Ecumenical Temple.
    46 | D:4      | Noticed a hound
    53 | Temple   | Entered the Ecumenical Temple
   373 | D:4      | Reached XP level 2. HP: 29/29 MP: 2/2
   538 | D:4      | Slain by an orc

Illustrated notes

Levels and vault maps discovered:
D:4:      layout_gridville, minmay_temple_entry_crystal_x, grunt_decor_fettered,
          chequers_serial_rivers_small_a, uniq_eustachio, uniq_duvessa
D:5:      layout_loops_ring
Temple:   regret_index_temple_chain_breaker

Skill      XL: | |
---------------+-+-----
Stealth        | |  9.5
Fighting       | |  6.5
Short Blades   | |  4.5
Long Blades    | |  0.4
Axes           | |  0.4
Maces & Flails | |  0.4
Polearms       | |  0.4
Staves         | |  0.4
Ranged Weapons | |  0.4
Throwing       | |  0.4
Armour         | |  0.4
Dodging        | |  4.5
Shields        | |  0.4
Unarmed Combat | |  0.4
Spellcasting   | |  0.4
Conjurations   | |  0.2
Hexes          | |  0.2
Summonings     | |  0.2
Necromancy     | |  0.2
Translocations | |  0.2
Transmutations | |  0.2
Fire Magic     | |  0.2
Ice Magic      | |  0.2
Air Magic      | |  0.2
Earth Magic    | |  0.2
Poison Magic   | |  0.2
Invocations    | |  0.5
Evocations     | |  0.4

Action                   || total
-------------------------++-------
Melee: Short sword       ||    13
       Bite              ||     1
  Use: Scroll            ||     3
       Potion            ||     1
 Stab: Sleeping          ||     1
       Distracted        ||     1
Armor: Leather armour    ||     1
Dodge: Dodged            ||    18
